 Dungeon Crawl Stone Soup version 0.31-a0-699-g830162fb6c (webtiles) character file.

Game seed: 4566029392189494899

250 qw the Shooter (level 6, -5/37 HPs)
             Began as a Gargoyle Hunter on Sept 7, 2023.
             Slain by an ogre
             ... wielding a +0 giant club
              (27 damage)
             ... on level 4 of the Dungeon.
             The game lasted 00:00:47 (2055 turns).

qw the Shooter (Gargoyle Hunter)                    Turns: 2055, Time: 00:00:47

Health: -5/37      AC:  9    Str: 14    XL:     6   Next: 13%
Magic:  6/6        EV: 13    Int: 10    God:
Gold:   188        SH:  0    Dex: 26    Spells: 5/5 levels left

rFire   . . .        Y - +0 shortbow
rCold   . . .        (shield currently unavailable)
rNeg    + . .        k - +0 leather armour "Monirua" {Dex+5}
rPois   inf          (no helmet)
rElec   +            (no cloak)
rCorr   .            j - +1 pair of gloves
SInv    .            (no boots)
Will    .....        (no amulet)
Stlth   ++           f - +6 ring of dexterity
HPRegen 0.26/turn    (no ring)
MPRegen 0.10/turn

%: no passive effects
@: no status effects
A: sickness immunity, AC +4, negative energy resistance 1, electricity
resistance, torment resistance 1, petrification resistance
a: no special abilities


You were on level 4 of the Dungeon.
You visited 1 branch of the dungeon, and saw 4 of its levels.

You collected 188 gold pieces.


Innate Abilities, Weirdness & Mutations

You are immune to sickness and miasma.
Your stone body is resilient. (AC +4)
You are immune to poison.
You resist negative energy. (rN+)
You are resistant to electric shocks. (rElec)
You are resistant to unholy torment.
You are immune to petrification.


   Skills:
 + Level 3.2 Fighting
 - Level 6.5 Ranged Weapons
 - Level 1.0 Armour
 - Level 2.0 Dodging
 - Level 1.1 Stealth


You had 5 spell levels left.
You didn't know any spells.
Your spell library was empty.

Inventory:

Hand Weapons
 Y - a +0 shortbow (weapon)
Armour
 j - a +1 pair of gloves (worn)
 k - the +0 leather armour "Monirua" (worn) {Dex+5}
   (You found it on level 2 of the Dungeon)

   Dex+5:     It affects your dexterity (+5).
Jewellery
 f - a +6 ring of dexterity (left hand)
Scrolls
 a - a scroll of identify
 c - a scroll of teleportation
Potions
 b - a potion of enlightenment
 i - a potion of curing
 m - a potion of mutation

Dungeon Overview and Level Annotations

Branches:
Dungeon (4/15)
 Temple: D:4-7

Altars:
Xom

Annotations:
D:4 Edmund


Message History

Enter note:
Enter note:
Enter note:
Enter note:
There is a stone staircase leading down here.
Edmund and an ogre come into view.
Edmund is wielding a +3 flail of protection.
Found a stone staircase leading up.
Enter note:
Enter note:
Enter note:
Enter note:
2044 |||
Found retreat position at -2,0 (floor) with 0 blocking monsters and 1 monsters attacking at destination at distance 2
Enter note:
Enter note:
2044 |||
Found retreat position at -2,0 (floor) with 0 blocking monsters and 1 monsters attacking at destination at distance 2
2044 ||| RETREATING.
The ogre shouts!
Enter note:
Enter note:
2048 |||
Found retreat position at -2,1 (floor) with 0 blocking monsters and 1 monsters attacking at destination at distance 2
Enter note:
Enter note:
2048 |||
Found retreat position at -2,1 (floor) with 0 blocking monsters and 1 monsters attacking at destination at distance 2
2048 ||| RETREATING.
You shoot an arrow. The arrow hits the ogre!
The ogre is heavily wounded.
You shoot an arrow. The arrow hits the ogre.
The ogre is severely wounded.
The ogre hits you with a +0 giant club!
You shoot an arrow.
The arrow hits the ogre but does no damage.
The ogre is severely wounded.
You shoot an arrow. The arrow closely misses the ogre.
The ogre closely misses you.
You shoot an arrow. The arrow hits the ogre.
The ogre is severely wounded.
The ogre hits you with a +0 giant club!!
Ouch! That really hurt!
You die...

................. ..
................. ..
...###........... @.
#..###........... O##
##...##........ ..#
.........#....# ..#
#.##.....##...####..#
#. #....##.....##O.##
.. ##...........@...#
.# ###....>....##..##
####.........#######
##.........###
#....###.### ....##
#.# ...## ### ####


You could see an ogre.

Vanquished Creatures
  An ogre (D:4)
  A phantom (D:4)
  4 gnolls (D:3)
  2 adders (D:2)
  2 worms
  A dart slug (D:3)
  5 ball pythons
  3 endoplasms
  A giant cockroach (D:1)
  3 goblins
  4 hobgoblins
  2 quokkas
  2 bats (D:1)
  A frilled lizard (D:3)
  4 kobolds
  4 rats
40 creatures vanquished.

Notes
Turn   | Place    | Note
-------+----------+-------------------------------------------
     0 | D:1      | qw the Gargoyle Hunter began the quest for the Orb.
     0 | D:1      | Reached XP level 1. HP: 12/12 MP: 1/1
     0 | D:1      | 0 ||| qw: Version: 0.3-a-76-g4403597
     0 | D:1      | 0 ||| qw: Game counter: 412
     0 | D:1      | 0 ||| qw: Melee chars always use a shield: true
     0 | D:1      | 0 ||| qw: God list: Okawaru
     0 | D:1      | 0 ||| qw: Allow faded altars: false
     0 | D:1      | 0 ||| qw: Do Orc after clearing Dungeon:15 true
     0 | D:1      | 0 ||| qw: Do second Lair branch before Depths: true
     0 | D:1      | 0 ||| qw: Lair rune preference: random
     0 | D:1      | 0 ||| qw: Goals: Normal
     0 | D:1      | 0 ||| PLANNING D:1-11
   250 | D:1      | Reached XP level 2. HP: 17/17 MP: 2/2
   598 | D:1      | 598 ||| UPGRADING to +0 ring mail.
   608 | D:1      | 608 ||| DROPPING +0 leather armour.
   609 | D:1      | 609 ||| UPGRADING to +6 ring of dexterity.
   610 | D:1      | 610 ||| READING scroll labelled OXKUARENUL.
   611 | D:1      | 611 ||| READING scroll labelled RIC WYANUGYOLY.
   612 | D:1      | 612 ||| DRINKING 2 grey potions.
   613 | D:1      | 613 ||| DROPPING scroll of butterflies.
   745 | D:2      | Reached skill level 1 in Armour
   769 | D:2      | Identified the +0 leather armour "Monirua" {Dex+5}
   803 | D:2      | Found a shimmering altar of Xom.
   973 | D:2      | Reached XP level 3. HP: 18/21 MP: 3/3
  1037 | D:2      | Reached skill level 5 in Ranged Weapons
  1240 | D:2      | 1240 ||| UPGRADING to +0 pair of gloves.
  1245 | D:2      | 1245 ||| UPGRADING to +0 leather armour "Monirua" {Dex+5}.
  1255 | D:2      | 1255 ||| DROPPING +0 ring mail.
  1256 | D:2      | 1256 ||| READING scroll labelled XILAID QOPSUSCH.
  1257 | D:2      | 1257 ||| READING scroll labelled ROGUIR WUPSOFA.
  1260 | D:2      | 1260 ||| READING scroll labelled UCVIWN TORHIU.
  1261 | D:2      | 1261 ||| READING scroll labelled HONOVO BETO.
  1262 | D:2      | 1262 ||| READING scroll labelled ZUGRIF ME BAEKKO.
  1263 | D:2      | 1263 ||| DRINKING 2 pink potions.
  1264 | D:2      | 1264 ||| READING 2 scrolls of identify.
  1264 | D:2      | 1264 ||| IDENTIFYING red potion
  1300 | D:3      | 1300 ||| READING scroll of enchant armour.
  1300 | D:3      | 1300 ||| ENCHANTING +0 pair of gloves.
  1449 | D:3      | 1449 ||| RETREATING.
  1456 | D:3      | Reached XP level 4. HP: 27/27 MP: 4/4
  1461 | D:3      | HP: 4/27 [gnoll/+0 flail (6)]
  1462 | D:3      | 1462 ||| DRINKING potion of heal wounds.
  1464 | D:3      | Reached skill level 3 in Fighting
  1626 | D:3      | 1626 ||| READING scroll labelled YXOHEB BIBLAERPH.
  1859 | D:3      | 1859 ||| READING scroll labelled KAILLE AGAE.
  1860 | D:3      | 1860 ||| READING 2 scrolls of identify.
  1860 | D:3      | 1860 ||| IDENTIFYING fizzy ruby potion
  1934 | D:4      | Noticed an ogre
  1943 | D:4      | Killed an ogre
  1944 | D:4      | Reached XP level 5. HP: 29/32 MP: 5/5
  1953 | D:4      | Noticed a phantom
  1963 | D:4      | Killed a phantom
  1964 | D:4      | Reached skill level 6 in Ranged Weapons
  1964 | D:4      | Reached XP level 6. HP: 37/37 MP: 6/6
  2043 | D:4      | Noticed Edmund
  2044 | D:4      | 2044 ||| RETREATING.
  2048 | D:4      | 2048 ||| RETREATING.
  2055 | D:4      | Slain by an ogre

Levels and vault maps discovered:
D:1:      spicycebolla_green_bress_n_ham_2, layout_basic, serial_curves,
          eino_curves_03, eino_curves_03, eino_curves_04, minivault_26
D:2:      layout_loops_ring, basic_altar
D:3:      layout_basic, serial_glass, glass_columns_a, glass_columns_a,
          glass_columns_a, glass_columns_a, glass_columns_a, glass_columns_a,
          glass_columns_a, glass_columns_c
D:4:      layout_cave_pools, uniq_edmund

Skill      XL: |  1  2  3  4  5 |
---------------+----------------+-----
Armour         | 1 |  1.0
Ranged Weapons | 5 6 |  6.5
Fighting       | 3 |  3.2
Dodging        | 2 |  2.0
Stealth        | |  1.1

Action                     |  1- 3 |  4- 6 || total
---------------------------+-------+-------++-------
   Fire: Shortbow          |    75 |    61 ||   136
    Use: Scroll            |     9 |     3 ||    12
         Potion            |     2 |     1 ||     3
 Armour: Leather armour    |     7 |    17 ||    24
         Ring mail         |     2 |       ||     2
  Dodge: Dodged            |     9 |    21 ||    30

Table legend:
 A = Non-vault XP
 B = Vault XP
 C = Vault XP percentage of total XP
 D = Non-vault monster count
 E = Vault monster count
 F = Vault count percentage of total count
                 A         B        C        D         E       F
            +---------+---------+-------+---------+---------+-------
      Total |     358 |       0 |   0.0 |      40 |       0 |   0.0
            +---------+---------+-------+---------+---------+-------
        D:1 |      16 |       0 |   0.0 |      11 |       0 |   0.0
        D:2 |      42 |       0 |   0.0 |       9 |       0 |   0.0
        D:3 |      78 |       0 |   0.0 |      15 |       0 |   0.0
        D:4 |     222 |       0 |   0.0 |       5 |       0 |   0.0
            +---------+---------+-------+---------+---------+-------
